Map: Чаща РВ (Void)

Players

frizby

  • Race: Terran Terran
  • League: Silver
  • Spawn Location: 1:00

FLIGHTER - Winner!

  • Race: Protoss Protoss
  • League: Silver
  • Spawn Location: 7:00

VOD

Have the link to the VOD?

Description

Time

  • Played on: Jan. 16, 2017, 9:40 a.m.
  • Length: 12:57
Show
View Real Time Build Order
Export as new Build Order

frizby Terran 

Build Orders: Reaper Expand 

Get SALT Encoding   

  12  0:01  SCV  
  13  0:13  SCV  
  14  0:19  Supply Depot  
  14  0:25  SCV  
  15  0:32  Refinery  
  15  0:42  Barracks  
  15  0:45  SCV  
  16  0:57  SCV  
  17  1:04  Refinery  
  17  1:14  SCV  
  18  1:26  SCV  
  18  1:29  Reaper  
  20  1:43  Command Center  
  20  1:45  SCV  
  21  2:00  Factory  
  21  2:02  Barracks Reactor  
  21  2:06  SCV  
  22  2:20  Orbital Command  
  21  2:52  SCV  
  22  2:59  Factory  
  22  3:02  Barracks Tech Lab  
  22  3:04  Refinery  
  22  3:08  SCV x2  
  22  3:09  Engineering Bay  
  24  3:22  Cyclone, Supply Depot  
  24  3:25  Cyclone  
  30  3:42  Starport  
  30  3:44  Planetary Fortress  
  30  3:48  SCV  
  31  4:03  Factory Reactor  
  31  4:08  Cyclone  
  34  4:15  SCV  
  35  4:20  Missile Turret  
  35  4:26  Missile Turret  
  35  4:27  SCV  
  36  4:39  SCV  
  37  4:51  Cyclone x2  
  43  4:55  Cloaking Field  
  43  5:02  Banshee  
  46  5:37  SCV  
  46  5:39  Supply Depot  
  46  5:40  Supply Depot x2  
  43  5:43  Supply Depot  
  43  5:49  SCV  
  43  5:50  Missile Turret  
  43  5:54  Orbital Command  
  43  5:55  Missile Turret  
  41  6:34  SCV  
  41  6:35  SCV  
  43  6:47  SCV x2  
  45  7:04  Engineering Bay  
  45  7:06  Orbital Command  
  45  7:41  SCV x2  
  47  7:53  SCV x2  
  49  8:05  SCV x2  
  51  8:07  Missile Turret  
  51  8:17  SCV x2, Missile Turret, Factory Tech Lab  
  51  8:19  Missile Turret  
  53  8:22  Missile Turret  
  53  8:29  SCV x2  
  39  8:44  Siege Tank  
  39  8:45  Refinery, Widow Mine x2  
  39  8:46  Refinery  
  46  9:05  Refinery  
  46  9:08  Command Center  
  46  9:14  Widow Mine x2  
  46  9:16  Siege Tank  
  53  9:23  SCV x2  
  54  9:35  SCV x2  
  49  9:48  Siege Tank  
  50  10:17  SCV x2  
  50  10:20  Siege Tank  
  55  10:29  SCV  
  55  10:30  SCV  
  57  10:42  SCV x2  
  52  10:52  Siege Tank  
  55  10:58  Cyclone  
  57  11:24  Siege Tank  
  60  11:27  Missile Turret  
  60  11:29  Missile Turret  
  60  11:30  Missile Turret  
  60  11:56  Siege Tank  
  60  12:00  Command Center  
  63  12:03  Barracks  
  63  12:05  Starport  
  63  12:10  Starport  
  63  12:23  Missile Turret  
  56  12:51  Armory  
  56  12:53  Armory  
Show
View Real Time Build Order
Export as new Build Order

FLIGHTER Protoss - Winner!

Build Orders: 1 Gate Expand 

Get SALT Encoding   

  12  0:01  Probe (Chrono Boost)  
  13  0:11  Probe (Chrono Boost)  
  14  0:20  Pylon  
  14  0:22  Probe (Chrono Boost)  
  15  0:39  Probe (Chrono Boost), Gateway  
  16  0:45  Assimilator  
  16  0:49  Probe (Chrono Boost)  
  17  1:00  Probe (Chrono Boost)  
  18  1:10  Probe (Chrono Boost)  
  19  1:21  Probe (Chrono Boost)  
  20  1:31  Cybernetics Core  
  20  1:35  Nexus  
  20  1:45  Pylon  
  20  1:52  Assimilator  
  20  1:54  Probe (Chrono Boost)  
  21  2:04  Probe (Chrono Boost)  
  21  2:07  Warp Gate  
  22  2:15  Probe (Chrono Boost)  
  23  2:26  Mothership Core (Chrono Boost)  
  23  2:28  Pylon  
  24  2:42  Pylon  
  23  2:47  Pylon  
  23  2:49  Pylon  
  23  2:55  Probe (Chrono Boost)  
  24  3:05  Robotics Facility  
  24  3:06  Probe (Chrono Boost)  
  24  3:07  Probe (Chrono Boost)  
  26  3:16  Probe (Chrono Boost)  
  26  3:17  Twilight Council, Probe (Chrono Boost)  
  28  3:40  Gateway  
  28  3:42  Gateway  
  28  3:50  Gateway  
  28  3:53  Probe (Chrono Boost)  
  29  4:03  Probe (Chrono Boost)  
  30  4:11  Assimilator, Dark Shrine  
  30  4:14  Probe (Chrono Boost)  
  30  4:16  Assimilator  
  31  4:24  Probe (Chrono Boost), Warp Prism  
  34  4:35  Probe (Chrono Boost)  
  35  4:48  Probe (Chrono Boost)  
  36  4:53  Nexus  
  36  4:57  Pylon  
  36  4:59  Probe (Chrono Boost)  
  37  5:09  Probe (Chrono Boost)  
  38  5:20  Probe (Chrono Boost)  
  39  5:27  Dark Templar x4  
  47  5:30  Probe (Chrono Boost)  
  48  5:41  Probe (Chrono Boost)  
  49  5:54  Probe (Chrono Boost)  
  50  5:57  Blink  
  50  6:04  Probe (Chrono Boost)  
  51  6:15  Probe (Chrono Boost)  
  53  6:25  Probe (Chrono Boost)  
  51  6:36  Probe (Chrono Boost), Stalker x3  
  51  6:37  Stalker  
  51  6:39  Probe (Chrono Boost)  
  61  6:41  Probe (Chrono Boost)  
  60  6:50  Probe (Chrono Boost)  
  60  6:52  Probe (Chrono Boost)  
  60  6:54  Probe (Chrono Boost)  
  62  7:00  Probe (Chrono Boost)  
  60  7:02  Probe (Chrono Boost)  
  60  7:04  Probe (Chrono Boost)  
  60  7:06  Observer  
  60  7:10  Stalker x4  
  60  7:11  Probe (Chrono Boost)  
  60  7:13  Probe (Chrono Boost)  
  60  7:15  Probe (Chrono Boost)  
  70  7:21  Probe (Chrono Boost)  
  68  7:23  Probe (Chrono Boost)  
  68  7:25  Probe (Chrono Boost)  
  70  7:36  Probe (Chrono Boost)  
  66  7:54  Stalker  
  66  7:55  Stalker x2  
  66  7:56  Stalker  
  74  8:08  Resonating Glaives  
  74  8:27  Probe (Chrono Boost)  
  75  8:37  Probe (Chrono Boost)  
  68  8:43  Stalker  
  68  8:44  Stalker x3  
  68  8:48  Probe (Chrono Boost)  
  77  8:54  Pylon  
  77  8:58  Pylon, Probe (Chrono Boost)  
  78  9:03  Gateway x2  
  78  9:09  Forge  
  78  9:10  Forge  
  78  9:12  Adept x4  
  86  9:36  Stalker  
  86  9:37  Stalker x3  
  62  10:10  Stalker x4  
  68  10:19  Assimilator  
  68  10:20  Probe (Chrono Boost)  
  69  10:23  Assimilator  
  69  10:31  Probe (Chrono Boost)  
  70  10:38  Nexus  
  70  10:39  Assimilator  
  70  10:41  Probe (Chrono Boost)  
  70  10:42  Assimilator  
  71  10:44  Pylon  
  71  10:46  Pylon  
  71  10:52  Probe (Chrono Boost)  
  71  10:54  Stalker x4  
  80  11:02  Probe (Chrono Boost)  
  73  11:27  Stalker x4  
  73  11:28  Stalker x2  
  85  11:55  Gateway  
  85  11:56  Gateway  
  85  11:58  Gateway  
  85  12:00  Stalker  
  85  12:01  Stalker x5, Gateway  
  97  12:32  Stalker x4  
  97  12:33  Stalker x2  
Tags
 
Add a new tag
Caveats
  • Supply blocks, unpowered buildings, or Contaminate may cause inaccurate times.
  • Supply counts are checked every 10 seconds.